 Dungeon Crawl Stone Soup version 0.25-a0-426-g7d9e569eea (webtiles) character file.

Game seed: 12833509287443539547, levelgen mode: deterministic

110 Nattfarinn the Stinger (level 5, -4/38 HPs)
             Began as a Formicid Venom Mage on Jan 25, 2020.
             Slain by a black bear (5 damage)
             ... on level 3 of the Dungeon.
             The game lasted 00:04:47 (2428 turns).

Nattfarinn the Stinger (Formicid Venom Mage)        Turns: 2428, Time: 00:04:48

Health: -4/38      AC:  5    Str: 13    XL:     5   Next: 14%
Magic:  0/8        EV: 12    Int: 15    God:
Gold:   139        SH:  0    Dex: 11    Spells: 7/8 levels left

rFire    . . .     SeeInvis +   (no weapon)
rCold    . . .     Gourm    .   (no shield)
rNeg     . . .     Faith    .   a - +0 robe
rPois    .         Spirit   .   (helmet unavailable)
rElec    .         Reflect  .   j - +2 cloak
rCorr    .         Harm     .   (no gloves)
MR       .....                  (no boots)
Stlth    ++........             (no amulet)
HPRegen  0.12/turn              r - ring of flight
MPRegen  0.11/turn              (no ring)

@: no status effects
A: permanent stasis, dig shafts and tunnels, four strong arms, antennae 3
a: Dig, Shaft Self, Evoke Flight


You were on level 3 of the Dungeon.
You were not hungry.

You visited 1 branch of the dungeon, and saw 3 of its levels.

You collected 139 gold pieces.

Inventory:

Armour
 a - a +0 robe (worn)
 j - a +2 cloak (worn)
Jewellery
 r - a ring of flight (left hand)
Scrolls
 e - 3 scrolls of identify {unknown}
 h - a scroll of random uselessness {unknown}
 o - a scroll of magic mapping {unknown}
 s - a scroll of fear {unknown}
Potions
 d - a potion of cancellation {unknown}
 f - a potion of flight {unknown}
 g - a potion of haste {unknown}
 i - a potion of resistance {unknown}
 k - a potion of heal wounds {unknown}
 l - 2 potions of curing {unknown}
 m - a potion of lignification {unknown}
 n - a potion of berserk rage {unknown}
 p - a potion of agility {unknown}
 q - a potion of magic {unknown}
Comestibles
 b - 14 chunks of flesh
 c - 9 rations


   Skills:
 + Level 1.8 Fighting
 * Level 2.5 Armour
 - Level 1.7 Dodging
 - Level 2.4 Stealth
 - Level 2.1 Spellcasting
 + Level 2.0 Transmutations
 * Level 5.2 Poison Magic


You had 7 spell levels left.
You knew the following spells:

 Your Spells              Type           Power        Failure   Level  Hunger
a - Sting                 Tmut/Pois      ##..         4%          1    #......

Your spell library contained the following spells:

 Spells                   Type           Power        Failure   Level  Hunger
 Poisonous Vapours        Pois/Air       #.....       11%         2    ###....
 Ignite Poison            Fire/Tmut/Pois #.......     24%         3    ###....
 Olgreb's Toxic Radiance  Pois           ###.....     24%         4    #####..
 Mephitic Cloud           Conj/Pois/Air  #.......     32%         3    ###....


Dungeon Overview and Level Annotations

Branches:
Dungeon (3/15)

Altars:


Innate Abilities, Weirdness & Mutations

You cannot be hasted, slowed, berserked, paralysed or teleported.
You can dig through walls and to a lower floor.
Your four strong arms can wield two-handed weapons with a shield.
You have a pair of large antennae on your head. (SInv)


Message History

The black bear bites you but does no damage.
The black bear closely misses you. The black bear claws you.
Casting: Sting (safe; 4% risk of failure)
Confirm with . or Enter, or press ? or * to list all spells.
Aiming: Sting (safe; 4% risk of failure)
Press: ? - help, Shift-Dir - straight line, f/p - black bear
Aim: a black bear (almost dead, berserk, fast, unusually strong, very poisoned)
The sting misses the black bear.
The black bear closely misses you.
The black bear claws you but does no damage.
The black bear claws you.
Casting: Sting (safe; 4% risk of failure)
Confirm with . or Enter, or press ? or * to list all spells.
You don't have enough magic to cast that spell.
You hit the black bear but do no damage.
The black bear is almost dead.
The black bear bites you. The black bear closely misses you.
The black bear completely misses you. The black bear bites you!
* * * LOW HITPOINT WARNING * * *
The black bear claws you.
You die...

#.....#.....
#....รท#.....
#.######..)..######
#>.................
#####.#############
..#.# #.#.#
##.#.#########
#@h...:.......
####.######### ...#
#####


You could see a black bear (berserk).

Vanquished Creatures
  A jelly (D:3)
  2 adders
  2 dart slugs (D:1)
  A leopard gecko (D:1)
  An orc (D:3)
  3 bats
  3 giant cockroaches
  6 goblins
  8 hobgoblins
  3 jackals (D:1)
  A quokka (D:3)
  3 ball pythons
  5 frilled lizards
  11 kobolds
  7 rats
57 creatures vanquished.

Notes
Turn   | Place    | Note
-------+----------+-------------------------------------------
     0 | D:1      | Nattfarinn the Formicid Venom Mage began the quest for the
                  | Orb.
     0 | D:1      | Reached XP level 1. HP: 13/13 MP: 3/3
   172 | D:1      | Reached skill level 1 in Armour
   172 | D:1      | Reached XP level 2. HP: 20/20 MP: 1/5
   474 | D:1      | Reached XP level 3. HP: 25/25 MP: 4/6
   519 | D:1      | Reached skill level 1 in Fighting
  1068 | D:2      | Reached XP level 4. HP: 32/32 MP: 5/7
  1919 | D:3      | Reached skill level 5 in Poison Magic
  2210 | D:3      | Reached XP level 5. HP: 37/37 MP: 5/8
  2415 | D:3      | Noticed a black bear
  2428 | D:3      | HP: 1/38 [black bear (11)]
  2428 | D:3      | Slain by a black bear

Levels and vault maps discovered:
D:1:      dpeg_arrival_fog, layout_rooms, st_stairs_12
D:2:      layout_basic, minmay_misc_feat_iff
D:3:      layout_basic

Skill      XL: |  1  2  3  4 |
---------------+-------------+-----
Armour         | 1 2 |  2.5
Fighting       | 1 |  1.8
Transmutations | 2 |  2.0
Poison Magic   | 5 |  5.2
Dodging        | |  1.7
Stealth        | |  2.4
Spellcasting   | |  2.1

Action                   |  1- 3 |  4- 6 || total
-------------------------+-------+-------++-------
Melee: Unarmed           |    32 |    13 ||    45
 Cast: Sting             |    40 |    46 ||    86
  Eat: Chunk             |     1 |     5 ||     6
Armor: Robe              |     4 |    14 ||    18
Dodge: Dodged            |    35 |    21 ||    56

Table legend:
 A = Non-vault XP
 B = Vault XP
 C = Vault XP percentage of total XP
 D = Non-vault monster count
 E = Vault monster count
 F = Vault count percentage of total count
                 A         B        C        D         E       F
            +---------+---------+-------+---------+---------+-------
      Total |     154 |       4 |   2.5 |      56 |       1 |   1.8
            +---------+---------+-------+---------+---------+-------
        D:1 |      37 |       4 |   9.8 |      22 |       1 |   4.3
        D:2 |      40 |       0 |   0.0 |      18 |       0 |   0.0
        D:3 |      77 |       0 |   0.0 |      16 |       0 |   0.0
            +---------+---------+-------+---------+---------+-------
